General information
			
			
        
        - name: BNet
 
        - type: Ladder team game (AT/RT)
 
        - host: Battle.net
 
        - saver: BEAR_AND
 
        
map: Slalom 
        - players: 8
 
        - length: 20:09
 
        - speed: Fast
 - version: 1.22 W3XP
 - replay type:  

 
» download(173 KB)
Players
        team 1 (winner) 
              
              
BEAR_AND (
teal | 104 APM | 2093 actions | 20:09)
              
 4 Pandaren Brewmaster 
 2 Breath of Fire
 2 Drunken Haze
 
                » actions 
                
                | Assign group hotkey | 13 |  | 
| Build / train | 35 |  | 
| Enter build submenu | 18 |  | 
| Enter hero's abilities submenu | 4 |  | 
| Give item / drop item | 1 |  | 
| Remove unit from queue | 3 |  | 
| Right click | 1466 |  | 
| Select / deselect | 212 |  | 
| Select group hotkey | 277 |  | 
| Use ability | 64 |  | 
                2093 total
 » units 
                » upgrades
                » buildings
                
                | Ancient of War | 1 |  | 
| Moon Well | 8 |  | 
| Tree of Life | 2 |  | 
| Altar of Elders | 1 |  | 
| Ancient of Wonders | 1 |  | 
| Tree of Ages | 1 |  | 
| Tree of Eternity | 1 |  | 
| Ancient of Wind | 1 |  | 
                16 total
 » build order
                01:02 Ancient of War
01:05 Moon Well
02:13 Tree of Life
03:12 Altar of Elders
03:16 Moon Well
03:55 Moon Well
05:07 Ancient of Wonders
07:29 Tree of Ages
08:09 Moon Well
08:10 Moon Well
08:31 Moon Well
09:54 Tree of Eternity
11:34 Ancient of Wind
17:36 Tree of Life
18:56 Moon Well
18:57 Moon Well
» items
                
                | Scroll of Town Portal | 1 |  | 
| Staff of Preservation | 1 |  | 
                2 total
  
               
              
              
iggy_the_fisk (
orange | 101 APM | 2042 actions | 20:09)
              
 5 Archmage 
 3 Summon Water Elemental
 2 Brilliance Aura
 
                » actions 
                
                | Assign group hotkey | 171 |  | 
| Basic commands | 8 |  | 
| Build / train | 106 |  | 
| Enter build submenu | 69 |  | 
| Enter hero's abilities submenu | 5 |  | 
| Remove unit from queue | 4 |  | 
| Right click | 919 |  | 
| Select / deselect | 364 |  | 
| Select group hotkey | 207 |  | 
| Use ability | 189 |  | 
                2042 total
 » units 
                
                | Peasant | 30 |  | 
| Footman | 5 |  | 
| Gryphon Rider | 3 |  | 
                38 total
 » upgrades
                
                | Defend | 2 |  | 
| Swords | 2 |  | 
| Masonry | 2 |  | 
| Lumber Harvesting | 2 |  | 
| Plating | 1 |  | 
                9 total
 » buildings
                
                | Altar of Kings | 2 |  | 
| Farm | 8 |  | 
| Lumber Mill | 2 |  | 
| Blacksmith | 1 |  | 
| Barracks | 1 |  | 
| Keep | 5 |  | 
| Scout Tower | 46 |  | 
| Guard Tower | 32 |  | 
| Arcane Tower | 5 |  | 
| Arcane Vault | 2 |  | 
| Arcane Sanctum | 2 |  | 
| Castle | 1 |  | 
| Town Hall | 3 |  | 
| Gryphon Aviary | 1 |  | 
                111 total
 » build order
                00:05 Altar of Kings
00:11 Farm
01:12 Farm
02:08 Farm
02:38 Lumber Mill
02:57 Blacksmith
03:04 Barracks
03:27 Farm
03:28 Farm
04:47 Keep
04:47 Keep
04:47 Keep
04:48 Keep
05:43 Scout Tower
06:00 Guard Tower
06:00 Guard Tower
06:08 Scout Tower
06:11 Scout Tower
06:12 Scout Tower
06:24 Scout Tower
06:26 Scout Tower
06:39 Scout Tower
06:40 Scout Tower
06:56 Guard Tower
06:58 Scout Tower
07:08 Guard Tower
07:16 Scout Tower
07:17 Scout Tower
07:18 Guard Tower
07:21 Arcane Tower
07:21 Guard Tower
07:43 Scout Tower
07:44 Guard Tower
07:44 Guard Tower
08:01 Arcane Tower
08:04 Scout Tower
08:20 Guard Tower
08:26 Arcane Vault
08:31 Guard Tower
09:13 Scout Tower
09:15 Arcane Sanctum
09:18 Arcane Sanctum
09:34 Lumber Mill
09:57 Castle
10:04 Guard Tower
10:26 Scout Tower
10:26 Scout Tower
10:27 Scout Tower
10:28 Scout Tower
10:45 Scout Tower
10:54 Town Hall
10:59 Scout Tower
11:21 Scout Tower
11:22 Scout Tower
11:26 Guard Tower
11:27 Guard Tower
11:48 Scout Tower
11:52 Scout Tower
11:53 Scout Tower
12:06 Guard Tower
12:06 Guard Tower
12:06 Guard Tower
12:24 Gryphon Aviary
12:30 Guard Tower
12:30 Guard Tower
12:32 Scout Tower
12:39 Arcane Tower
12:40 Arcane Tower
12:42 Scout Tower
12:44 Guard Tower
12:53 Guard Tower
12:54 Scout Tower
12:58 Scout Tower
13:02 Guard Tower
13:07 Scout Tower
13:41 Guard Tower
13:42 Town Hall
13:47 Guard Tower
13:48 Scout Tower
13:49 Scout Tower
13:57 Farm
13:58 Farm
15:02 Guard Tower
15:04 Scout Tower
15:05 Scout Tower
15:29 Farm
17:00 Guard Tower
17:01 Scout Tower
17:02 Scout Tower
17:09 Town Hall
17:38 Guard Tower
18:29 Scout Tower
18:30 Scout Tower
18:31 Scout Tower
18:31 Scout Tower
18:32 Scout Tower
18:32 Scout Tower
18:50 Guard Tower
18:53 Keep
18:54 Altar of Kings
18:59 Arcane Vault
19:01 Scout Tower
19:02 Scout Tower
19:03 Scout Tower
19:04 Scout Tower
19:24 Guard Tower
19:36 Guard Tower
 
               
              
              
Mata. (
blue | 96 APM | 1935 actions | 20:09)
              
 5 Demon Hunter 
 3 Mana Burn
 2 Evasion
 
                » actions 
                
                | Assign group hotkey | 174 |  | 
| Basic commands | 14 |  | 
| Build / train | 52 |  | 
| Enter build submenu | 34 |  | 
| Enter hero's abilities submenu | 5 |  | 
| Right click | 912 |  | 
| Select / deselect | 427 |  | 
| Select group hotkey | 274 |  | 
| Use ability | 43 |  | 
                1935 total
 » units 
                
                | Wisp | 26 |  | 
| Archer | 7 |  | 
| Chimaera | 4 |  | 
| Dryad | 1 |  | 
                38 total
 » upgrades
                » buildings
                
                | Altar of Elders | 2 |  | 
| Moon Well | 5 |  | 
| Tree of Life | 3 |  | 
| Ancient of War | 4 |  | 
| Tree of Ages | 1 |  | 
| Tree of Eternity | 2 |  | 
| Ancient of Wind | 1 |  | 
| Hunter's Hall | 1 |  | 
| Chimaera Roost | 2 |  | 
| Ancient of Lore | 3 |  | 
| Ancient of Wonders | 1 |  | 
                25 total
 » build order
                00:17 Altar of Elders
00:20 Moon Well
01:45 Tree of Life
01:52 Ancient of War
02:18 Moon Well
04:45 Tree of Ages
07:27 Tree of Eternity
07:30 Ancient of Wind
08:02 Ancient of War
08:05 Ancient of War
08:09 Ancient of War
08:11 Moon Well
08:15 Moon Well
08:22 Tree of Life
08:38 Moon Well
09:25 Hunter's Hall
09:47 Altar of Elders
10:10 Chimaera Roost
10:15 Chimaera Roost
10:34 Ancient of Lore
10:54 Ancient of Lore
10:56 Ancient of Lore
19:18 Ancient of Wonders
19:40 Tree of Life
 
               
              
              
timG4strok (
red | 82 APM | 1650 actions | 20:09)
              
 5 Archmage 
 3 Summon Water Elemental
 2 Brilliance Aura
 
                » actions 
                
                | Assign group hotkey | 27 |  | 
| Basic commands | 70 |  | 
| Build / train | 62 |  | 
| Enter build submenu | 34 |  | 
| Enter hero's abilities submenu | 5 |  | 
| Remove unit from queue | 1 |  | 
| Right click | 683 |  | 
| Select / deselect | 225 |  | 
| Select group hotkey | 455 |  | 
| Use ability | 88 |  | 
                1650 total
 » units 
                
                | Peasant | 26 |  | 
| Footman | 9 |  | 
| Gryphon Rider | 5 |  | 
                40 total
 » upgrades
                
                | Masonry | 3 |  | 
| Magic Sentry | 1 |  | 
| Lumber Harvesting | 1 |  | 
                5 total
 » buildings
                
                | Altar of Kings | 1 |  | 
| Farm | 6 |  | 
| Barracks | 1 |  | 
| Keep | 1 |  | 
| Lumber Mill | 5 |  | 
| Scout Tower | 32 |  | 
| Guard Tower | 7 |  | 
| Arcane Sanctum | 1 |  | 
| Castle | 1 |  | 
| Gryphon Aviary | 3 |  | 
| Arcane Vault | 1 |  | 
| Blacksmith | 1 |  | 
                60 total
 » build order
                00:08 Altar of Kings
00:12 Farm
00:17 Barracks
00:50 Farm
02:05 Farm
04:27 Farm
07:46 Keep
09:14 Lumber Mill
09:28 Scout Tower
09:29 Scout Tower
09:30 Scout Tower
09:34 Scout Tower
09:35 Scout Tower
09:35 Scout Tower
10:37 Guard Tower
10:54 Arcane Sanctum
11:43 Castle
11:46 Scout Tower
11:47 Scout Tower
11:47 Scout Tower
11:48 Scout Tower
11:48 Scout Tower
11:49 Scout Tower
12:31 Guard Tower
12:48 Gryphon Aviary
12:54 Lumber Mill
12:57 Scout Tower
12:58 Scout Tower
12:59 Scout Tower
13:00 Scout Tower
13:00 Scout Tower
13:01 Scout Tower
13:27 Guard Tower
13:45 Guard Tower
13:51 Scout Tower
13:52 Scout Tower
13:53 Scout Tower
13:54 Scout Tower
13:55 Scout Tower
13:56 Scout Tower
13:57 Scout Tower
13:57 Scout Tower
14:00 Scout Tower
14:01 Scout Tower
14:01 Scout Tower
14:02 Scout Tower
14:03 Scout Tower
14:03 Scout Tower
14:45 Guard Tower
14:52 Arcane Vault
14:55 Lumber Mill
14:55 Lumber Mill
15:08 Gryphon Aviary
15:52 Gryphon Aviary
16:17 Blacksmith
16:20 Guard Tower
16:32 Guard Tower
17:31 Lumber Mill
18:07 Farm
18:08 Farm
 
               team 2 (loser) 
              
              
Frozen-Flames (
green | 56 APM | 1105 actions | 19:46)
              
 5 Shadow Hunter 
 3 Healing Wave
 2 Hex
 
                » actions 
                
                | Assign group hotkey | 5 |  | 
| Basic commands | 94 |  | 
| Build / train | 37 |  | 
| Enter build submenu | 19 |  | 
| Enter hero's abilities submenu | 5 |  | 
| Right click | 631 |  | 
| Select / deselect | 277 |  | 
| Select group hotkey | 1 |  | 
| Use ability | 36 |  | 
                1105 total
 » units 
                » upgrades
                
                | Melee Weapons | 2 |  | 
| Armor | 1 |  | 
| Shaman Training | 1 |  | 
                4 total
 » buildings
                
                | Altar of Storms | 1 |  | 
| Orc Burrow | 9 |  | 
| Barracks | 2 |  | 
| War Mill | 1 |  | 
| Stronghold | 1 |  | 
| Fortress | 1 |  | 
| Spirit Lodge | 1 |  | 
| Tauren Totem | 1 |  | 
| Great Hall | 1 |  | 
                18 total
 » build order
                00:05 Altar of Storms
00:08 Orc Burrow
00:56 Barracks
01:32 Orc Burrow
02:08 War Mill
03:23 Stronghold
03:55 Orc Burrow
05:06 Orc Burrow
05:59 Fortress
07:29 Spirit Lodge
07:33 Orc Burrow
08:29 Tauren Totem
08:50 Orc Burrow
14:10 Great Hall
16:50 Orc Burrow
17:57 Orc Burrow
18:48 Orc Burrow
18:55 Barracks
 
               
              
              
» 
Jaymoh (
pink | 54 APM | 1060 actions | 19:42)
              
 4 Paladin 
 2 Holy Light
 2 Devotion Aura
 
                » actions 
                
                | Basic commands | 21 |  | 
| Build / train | 49 |  | 
| Enter build submenu | 23 |  | 
| Enter hero's abilities submenu | 4 |  | 
| Remove unit from queue | 2 |  | 
| Right click | 670 |  | 
| Select / deselect | 252 |  | 
| Use ability | 39 |  | 
                1060 total
 » units 
                
                | Peasant | 10 |  | 
| Footman | 6 |  | 
| Rifleman | 9 |  | 
| Knight | 6 |  | 
                31 total
 » upgrades
                
                | Swords | 1 |  | 
| Plating | 1 |  | 
| Lumber Harvesting | 1 |  | 
| Animal War Training | 1 |  | 
                4 total
 » buildings
                
                | Altar of Kings | 1 |  | 
| Farm | 11 |  | 
| Barracks | 2 |  | 
| Lumber Mill | 1 |  | 
| Blacksmith | 1 |  | 
| Keep | 1 |  | 
| Castle | 1 |  | 
| Scout Tower | 5 |  | 
| Guard Tower | 5 |  | 
| Town Hall | 1 |  | 
                29 total
 » build order
                00:04 Altar of Kings
00:06 Farm
00:52 Barracks
01:06 Farm
01:09 Farm
01:51 Farm
02:00 Lumber Mill
02:28 Farm
03:09 Blacksmith
03:32 Keep
04:56 Farm
05:35 Farm
07:34 Castle
07:37 Farm
07:42 Farm
08:37 Barracks
09:18 Scout Tower
09:19 Scout Tower
09:50 Guard Tower
10:18 Guard Tower
10:20 Scout Tower
11:11 Scout Tower
11:42 Guard Tower
11:44 Scout Tower
11:50 Farm
12:11 Guard Tower
13:54 Farm
14:23 Guard Tower
17:19 Town Hall
 
               
              
              
zergkek (
yellow | 38 APM | 771 actions | 20:08)
              
 5 Blood Mage 
 3 Flame Strike
 2 Siphon Mana
 
                » actions 
                
                | Basic commands | 45 |  | 
| Build / train | 45 |  | 
| Enter build submenu | 29 |  | 
| Enter hero's abilities submenu | 5 |  | 
| Right click | 333 |  | 
| Select / deselect | 268 |  | 
| Use ability | 46 |  | 
                771 total
 » units 
                
                | Peasant | 8 |  | 
| Footman | 6 |  | 
| Rifleman | 5 |  | 
| Mortar Team | 4 |  | 
| Knight | 4 |  | 
| Siege Engine | 1 |  | 
| Gryphon Rider | 1 |  | 
                29 total
 » upgrades
                
                | Swords | 1 |  | 
| Animal War Training | 1 |  | 
| Lumber Harvesting | 2 |  | 
| Armor | 1 |  | 
| Barrage | 1 |  | 
                6 total
 » buildings
                
                | Altar of Kings | 1 |  | 
| Barracks | 2 |  | 
| Farm | 11 |  | 
| Lumber Mill | 1 |  | 
| Keep | 1 |  | 
| Blacksmith | 1 |  | 
| Castle | 1 |  | 
| Workshop | 3 |  | 
| Scout Tower | 5 |  | 
| Guard Tower | 2 |  | 
| Gryphon Aviary | 1 |  | 
                29 total
 » build order
                00:05 Altar of Kings
00:29 Barracks
01:08 Farm
01:14 Farm
02:04 Lumber Mill
02:16 Farm
02:32 Barracks
02:56 Farm
03:36 Keep
03:54 Blacksmith
04:02 Farm
05:18 Farm
07:20 Castle
07:55 Workshop
07:58 Workshop
09:10 Scout Tower
09:18 Scout Tower
09:18 Scout Tower
09:24 Scout Tower
10:22 Guard Tower
10:23 Scout Tower
10:31 Farm
10:33 Farm
11:53 Guard Tower
14:17 Gryphon Aviary
15:48 Farm
15:48 Farm
15:49 Farm
17:22 Workshop
 
               
              
              
ZeroLuck0 (
purple | 33 APM | 654 actions | 19:39)
              
 2 Keeper of the Grove 
 1 Force of Nature
 1 Thorns Aura
 
                » actions 
                
                | Assign group hotkey | 9 |  | 
| Basic commands | 1 |  | 
| Build / train | 53 |  | 
| Enter build submenu | 16 |  | 
| Enter hero's abilities submenu | 2 |  | 
| Right click | 234 |  | 
| Select / deselect | 246 |  | 
| Select group hotkey | 58 |  | 
| Use ability | 35 |  | 
                654 total
 » units 
                » buildings
                
                | Altar of Elders | 2 |  | 
| Moon Well | 6 |  | 
| Hunter's Hall | 2 |  | 
| Ancient of War | 2 |  | 
| Tree of Ages | 4 |  | 
| Tree of Life | 2 |  | 
                18 total
 » build order
                00:05 Altar of Elders
00:07 Moon Well
01:10 Hunter's Hall
02:00 Ancient of War
02:15 Moon Well
02:55 Tree of Ages
02:55 Tree of Ages
04:06 Moon Well
04:58 Moon Well
07:17 Tree of Life
11:40 Altar of Elders
12:20 Moon Well
12:54 Moon Well
13:33 Ancient of War
13:40 Hunter's Hall
14:35 Tree of Ages
17:30 Tree of Life
 
                Chat log
          
(01:54 / All) ZeroLuck0: hiiiii
(19:48 / All) BEAR_AND: this game officially palindromic
(19:59 / All) zergkek: most fucked up strat
(20:01 / All) zergkek: ever created